 Dungeon Crawl Stone Soup version 0.28-a0-563-gf77a47075d (webtiles) character file.

Game seed: 3989209822083944782

511 Spaninq the Skirmisher (level 6, -7/49 HPs)
             Began as a Demonspawn Abyssal Knight on Sept 30, 2021.
             Was a Believer of Lugonu.
             Mangled by a black bear (9 damage)
             ... on level 5 of the Dungeon.
             The game lasted 00:15:14 (6742 turns).

Spaninq the Skirmisher (Demonspawn Abyssal Knight)  Turns: 6742, Time: 00:15:15

Health: -7/49      AC: 14    Str: 15    XL:     6   Next: 99%
Magic:  7/7        EV:  9    Int: 11    God:    Lugonu [**....]
Gold:   225        SH:  0    Dex: 14    Spells: 5/5 levels left

rFire   . . .      SeeInvis .     - Unarmed
rCold   . . .      Faith    .   (no shield)
rNeg    + . .      Spirit   .   d - +0 pearl dragon scales
rPois   .          Reflect  .   (no helmet)
rElec   .          Harm     .   h - +0 cloak
rCorr   .          Rampage  .   (no gloves)
Will    +....                   (no boots)
Stlth   ..........              (no amulet)
HPRegen 0.16/turn               f - ring of willpower
MPRegen 0.10/turn               (no ring)

@: flying
A: claws 1, molten scales 1, powered by death 1
a: Renounce Religion, Depart the Abyss, Bend Space


You were on level 5 of the Dungeon.
You worshipped Lugonu.
Lugonu was pleased with you.
You visited 1 branch of the dungeon, and saw 5 of its levels.
You visited the Abyss 1 time.

You collected 225 gold pieces.

Inventory:

Hand Weapons
 a - a +1 falchion
Armour
 b - a +0 leather armour
 d - +0 pearl dragon scales (worn)
 h - a +0 cloak (worn)
Jewellery
 f - a ring of willpower (left claw)
 g - a ring of wizardry
Scrolls
 c - a scroll of blinking
 e - a scroll of fog
Potions
 i - a potion of curing


   Skills:
 + Level 4.7 Fighting
 - Level 3.1 Long Blades
 + Level 3.6 Armour
 - Level 0.8 Dodging
 * Level 3.6 Unarmed Combat
 - Level 2.4 Invocations


You had 5 spell levels left.
You didn't know any spells.
Your spell library contained the following spells:

 Spells                   Type           Power      Damage    Failure   Level
 Sandblast                Erth           0%         2d4       86%         1
 Passwall                 Tmut/Erth      0%         N/A       95%         2
 Dazzling Flash           Conj/Hex       0%         N/A       99%         3
 Gell's Gravitas          Tloc           0%         N/A       99%         3
 Stone Arrow              Conj/Erth      0%         3d7       99%         3
 Teleport Other           Tloc           0%         N/A       99%         3
 Cause Fear               Hex            0%         N/A       100%        4
 Agony                    Necr           0%         N/A       100%        5
 Silence                  Hex/Air        0%         N/A       100%        5
 Dispersal                Tloc           0%         N/A       100%        6
 Dragon Form              Tmut           0%         N/A       100%        7
 Malign Gateway           Summ/Tloc      0%         N/A       100%        7
 Summon Horrible Things   Summ           0%         N/A       100%        8
 Dragon's Call            Summ           0%         N/A       100%        9


Dungeon Overview and Level Annotations

Branches:
Dungeon (5/15)
 Temple: D:4-7

Altars:
Fedhas
Okawaru
Trog
Yredelemnul

Annotations:
D:3 3 runed translucent doors, MikuNakano's ghost, amateur BaIE; rustyseabutter's ghost, amateur HOFi
D:4 Blork the orc


Innate Abilities, Weirdness & Mutations

You have sharp fingernails.
You are partially covered in molten scales. (AC +2)
You regenerate a little health from kills.


Message History

The black bear bites you. The black bear claws you.
The black bear claws you but does no damage.
The black bear completely misses you. The black bear barely misses you.
The black bear claws you but does no damage.
You scratch the black bear.
The black bear is severely wounded.
The black bear bites you but does no damage.
The black bear claws you. x2
You scratch the black bear. You claw the black bear.
The black bear is almost dead.
The black bear bites you but does no damage.
The black bear claws you but does no damage.
The black bear barely misses you.
You barely miss the black bear.
The black bear is almost dead.
The black bear bites you but does no damage.
The black bear closely misses you.
The black bear claws you but does no damage.
The black bear bites you!
* * * LOW HITPOINT WARNING * * *
The black bear claws you but does no damage.
The black bear barely misses you.
Your pearl dragon scales prevents you from hitting the black bear.
The black bear is almost dead.
The black bear closely misses you.
The black bear claws you but does no damage.
The black bear claws you.
* * * LOW HITPOINT WARNING * * *
You closely miss the black bear.
The black bear is almost dead.
The black bear bites you!
* * * LOW HITPOINT WARNING * * *
The black bear claws you but does no damage.
The black bear closely misses you.
The black bear bites you but does no damage.
The black bear claws you but does no damage. x2
It was a potion of flight.
You feel very buoyant.
You fly up into the air.
The black bear bites you!
You die...

#......# #.###
#....... #...# #
##.......
....##.##.........
.....#...########.
#.....$.. #รท## #.
#........###.## #.
##h.......#..#.###.
#.@.......##.##.##.
#........###...#.#.
####.........###..##.#
#..#.........###....#.
#............##..#..##
##...........#...#...#
#...........#.#.#.#.#
######....###.#.#.###
#....#.#.#...# #


You could see a black bear (berserk).

Vanquished Creatures
  A black bear (D:5)
  A scorpion (D:5)
  2 hounds (D:5)
  An orc priest (D:4)
  2 iguanas
  An orc wizard (D:4)
  A hound zombie (D:5)
  10 adders
  A shadow imp (D:5)
  3 worms
  A dart slug (D:2)
  3 orcs
  4 endoplasms
  4 giant cockroaches
  10 hobgoblins
  6 jackals
  A quokka (D:5)
  2 ball pythons (D:3)
  2 bats (D:2)
  3 frilled lizards
  6 goblins
  5 kobolds
  5 rats
  A spectral orc (D:4)
76 creatures vanquished.

Vanquished Creatures (collateral kills)
  A giant cockroach (D:3)
1 creature vanquished.

Vanquished Creatures (others)
  A wizard (D:3)
1 creature vanquished.

Grand Total: 78 creatures vanquished

Notes
Turn   | Place    | Note
-------+----------+-------------------------------------------
     0 | Abyss:1  | Spaninq the Demonspawn Abyssal Knight began the quest for
                  | the Orb.
     0 | Abyss:1  | Reached XP level 1. HP: 18/18 MP: 2/2
     9 | D:1      | Escaped the Abyss
   480 | D:1      | Gained mutation: You regenerate a little health from kills.
                  | [demonic ancestry]
   480 | D:1      | Reached XP level 2. HP: 22/24 MP: 3/3
   551 | D:1      | Found a faded altar of an unknown god.
  1383 | D:2      | Reached XP level 3. HP: 21/29 MP: 4/4
  1480 | D:2      | Reached ** piety under Lugonu
  1818 | D:2      | Gained mutation: You have sharp fingernails. [demonic
                  | ancestry]
  1818 | D:2      | Reached XP level 4. HP: 28/36 MP: 5/5
  2272 | D:2      | Found a blossoming altar of Fedhas.
  2680 | D:3      | Found a runed translucent gate.
  2681 | D:3      | Found a runed translucent gate.
  2681 | D:3      | Found a runed translucent gate.
  2682 | D:3      | Noticed rustyseabutter's ghost (amateur HOFi)
  2683 | D:3      | Noticed MikuNakano's ghost (amateur BaIE)
  2803 | D:3      | Reached skill level 1 in Unarmed Combat
  3088 | D:3      | Found an iron altar of Okawaru.
  3161 | D:3      | Found a bloodstained altar of Trog.
  3162 | D:3      | Noticed a wizard
  3167 | D:3      | Killed a wizard
  3373 | D:4      | Reached XP level 5. HP: 36/42 MP: 6/6
  3581 | D:4      | Noticed Blork the orc
  5599 | D:4      | Reached skill level 4 in Fighting
  5818 | D:4      | Found a basalt altar of Yredelemnul.
  6061 | D:5      | Entered Level 5 of the Dungeon
  6062 | D:5      | Noticed an ogre
  6093 | D:5      | Gained mutation: You are partially covered in molten
                  | scales. (AC +2) [demonic ancestry]
  6093 | D:5      | Reached XP level 6. HP: 48/48 MP: 7/7
  6741 | D:5      | HP: 1/49 [black bear (8)]
  6742 | D:5      | Mangled by a black bear

Illustrated notes

Levels and vault maps discovered:
D:1:      minmay_arrival_radiant_lines, layout_loops_cross,
          ebering_ecumenical_altar_hall, serial_park_tiny_1
D:2:      layout_loops_ring, basic_altar, grunt_ministairs_10,
          minmay_misc_feat_roman, minmay_pentomino_v4
D:3:      layout_loops_ring, trog_wizard,
          mainiacjoe_overflow_concentric_impassable, gammafunk_ghost_cemetery
D:4:      layout_loops_ring, yredelemnul_forgotten_temple_becter,
          uniq_blork_the_orc
D:5:      wad_crossroads, layout_cave_pools, hangedman_decor_diamond_cutter,
          uniq_duvessa

Skill      XL: |  1  2  3  4  5  6 |
---------------+-------------------+-----
Long Blades    | 2 3 |  3.1
Armour         | 2 3 |  3.6
Unarmed Combat | 1 2 3 |  3.6
Fighting       | 4 |  4.7
Dodging        | |  0.8
Invocations    | |  2.4

Action                   |  1- 3 |  4- 6 || total
-------------------------+-------+-------++-------
Melee: Falchion          |   117 |   206 ||   323
       Unarmed           |       |    89 ||    89
       Punch             |       |     3 ||     3
  Use: Scroll            |       |     7 ||     7
       Potion            |       |     2 ||     2
Armor: Pearl dragon scal |    77 |   161 ||   238
       Leather armour    |     1 |       ||     1
Dodge: Dodged            |    66 |   120 ||   186

Table legend: (Time is in decaauts)
 A = Elapsed time spent in this place.
 B = Non-inter-level travel time spent in this place.
 C = Inter-level travel time spent in this place.
 D = Time resting spent in this place.
 E = Time spent auto-exploring this place.
 F = Levels seen in this place.
 G = Mean time per level.
                   A        B        C        D        E       F      G
               +--------+--------+--------+--------+--------+-----+--------+
         Total |   6799 |   6637 |    162 |   2317 |   2852 |   6 | 1133.2 |
       Dungeon |   6790 |   6628 |    162 |   2317 |   2852 |   5 | 1358.0 |
         Abyss |      9 |      9 |      0 |      0 |      0 |   1 |    9.0 |
               +--------+--------+--------+--------+--------+-----+--------+

Top non-repeatable levels by time:
     D:3: 2284 daAuts
     D:4: 1366 daAuts
     D:2: 1360 daAuts
     D:1: 1107 daAuts
     D:5: 672 daAuts
 Abyss:1: 9 daAuts
